[Event "1st FIDE Olympiad DIS 2023"]
[Site "Belgrade"]
[Date "2023.02.01"]
[Round "3.12"]
[White "Paal, Andras"]
[Black "Gardner, Phillip K"]
[Result "1/2-1/2"]
[ECO "B90"]
[WhiteElo "2019"]
[BlackElo "1814"]
[Annotator "TA"]
[PlyCount "53"]
[EventDate "2023.01.30"]
[EventType "team-tourn"]
[EventCountry "SRB"]
[SourceTitle "playchess.com"]
[Source "ChessBase"]
[SourceQuality "1"]
[WhiteTeam "Hungary"]
[BlackTeam "England"]
[WhiteTeamCountry "HUN"]
[BlackTeamCountry "ENG"]
[TimeControl "40/5400+30:1800+30"]

1. e4 c5 2. Nf3 d6 3. d4 cxd4 4. Nxd4 Nf6 5. Nc3 a6 6. f3 e5 7. Nb3 Be6 8. Be3 b5 9. Qd2 Nbd7 10. g4 Nb6 11. g5 Nfd7 12. Nd5 Nxd5 {[%emt 0:05:19] B90: Sicilian Najdorf: Unusual White 6th moves, 6 Be3 Ng4 and 6 Be3 e5.} (12... Rc8 $11) 13. exd5 $16 Bf5 14. Na5 Qc7 {[%emt 0:34:01] White is better.} 15. Nc6 (15. Bd3 $16 g6 16. h4) 15... Nb8 $1 $11 {[%emt 0:02:10] [#]} 16. Nb4 $146 ({Predecessor:} 16. Bd3 Bxd3 17. cxd3 Nxc6 18. Rc1 Nd4 19. Bxd4 Qb7 20. Be3 Qxd5 21. Ke2 Be7 22. h4 {½-½ Loskutova,V (2100)-Smietanska,W (1910) Wch Rapid (Women) 2021 (10)}) 16... Be7 17. Nd3 O-O 18. c3 e4 (18... Qb7 $5 ) 19. Nf2 (19. fxe4 $11 Bxe4 20. Bg2) 19... exf3 $17 20. Bd3 Bxd3 21. Qxd3 (21. Nxd3 $17 Qc4 22. O-O) 21... Nd7 $19 22. Qd4 Ne5 23. O-O-O a5 24. Kb1 Rfc8 25. Rc1 Qc4 (25... Qb7 $19 {White must now prevent ...Rc4.} 26. Qd2 Rc4) 26. h4 $17 a4 27. Rhd1 {[%emt 0:05:01] Weighted Error Value: White=0.32/Black=0.24 (precise)} (27. Ne4 $142) 1/2-1/2

[Event "1st FIDE Olympiad DIS 2023"]
[Site "Belgrade"]
[Date "2023.02.01"]
[Round "3.13"]
[White "Rivas Cabrera, Edgar"]
[Black "Mikheev, Stanislav"]
[Result "0-1"]
[ECO "D47"]
[WhiteElo "1987"]
[BlackElo "2300"]
[Annotator "TA"]
[PlyCount "66"]
[EventDate "2023.01.30"]
[EventType "team-tourn"]
[EventCountry "SRB"]
[SourceTitle "playchess.com"]
[Source "ChessBase"]
[SourceQuality "1"]
[WhiteTeam "Venezuela"]
[BlackTeam "Serbia"]
[WhiteTeamCountry "VEN"]
[BlackTeamCountry "SRB"]
[TimeControl "40/5400+30:1800+30"]

1. c4 c6 2. Nf3 d5 3. e3 Nf6 4. Nc3 e6 5. d4 Nbd7 6. Be2 dxc4 7. Bxc4 b5 8. Bd3 Bd6 9. e4 {[%emt 0:10:35] [#] And now e5 would win. D47: Semi-Slav: Meran System.} e5 10. a3 O-O 11. O-O {[%emt 0:01:46] The position is equal.} a6 12. Bg5 {[%emt 0:11:32] [#]} Re8 $146 ({Predecessor:} 12... h6 13. Bh4 exd4 14. Nxd4 Qc7 15. Kh1 Re8 16. Nf5 Be5 17. Rc1 Nc5 18. Nxb5 axb5 19. Rxc5 Bxf5 20. exf5 {1-0 Seres,L (2462)-Sedlak,N (2468) Budapest FS07 GM 2002 (11)}) 13. dxe5 Nxe5 14. Nxe5 Bxe5 15. Rc1 h6 16. Bh4 Bf4 17. Rb1 Qd6 18. Bg3 Bxg3 19. hxg3 Bg4 {[%emt 0:00:00] Black is more active.} 20. Be2 Qxd1 21. Bxd1 Bxd1 22. Rfxd1 Nxe4 23. Nxe4 Rxe4 $17 {[%emt 0:00:00][%mdl 4096] Endgame KRR-KRR} 24. Rbc1 Re6 25. Rd7 Rae8 26. Kf1 {[%emt 0:04:28] Prevents Re1+} (26. Ra7 $142) 26... Re2 27. b4 Ra2 {[%emt 0:00:35] aiming for ...Ree2.} 28. Rd3 Ree2 29. Rf3 Rec2 30. Re1 (30. Rxc2 $17 {is a better defense.} Rxc2 31. Ke1) 30... f6 31. Kg1 (31. g4 $142) 31... c5 32. bxc5 Rxc5 33. Re6 $2 {[%emt 0:01:02] [#]} (33. Kh2 $19) 33... Ra1+ {[%emt 0:00:11] Weighted Error Value: White=0.46/Black=0.05 (flawless)} 0-1

[Event "1st FIDE Olympiad DIS 2023"]
[Site "Belgrade"]
[Date "2023.02.01"]
[Round "3.13"]
[White "Miheso, Clement Chomu"]
[Black "Banda Aaron"]
[Result "1/2-1/2"]
[ECO "B07"]
[WhiteElo "1615"]
[BlackElo "1901"]
[Annotator "TA"]
[PlyCount "172"]
[EventDate "2023.01.30"]
[EventType "team-tourn"]
[EventCountry "SRB"]
[SourceTitle "playchess.com"]
[Source "ChessBase"]
[SourceQuality "1"]
[WhiteTeam "Kenya"]
[BlackTeam "Zambia"]
[WhiteTeamCountry "KEN"]
[BlackTeamCountry "ZAM"]
[TimeControl "40/5400+30:1800+30"]

1. e4 d6 2. d4 Nf6 3. Bd3 g6 4. Nf3 Bg7 5. h3 c6 6. O-O {[%emt 0:00:43] B07: Pirc Defence: Miscellaneous Systems.} Qc7 {[%emt 0:00:36] [#]} 7. e5 $146 ({Predecessor:} 7. c4 O-O 8. Nc3 e5 9. Be3 Nh5 10. Qd2 f5 11. exf5 gxf5 12. dxe5 dxe5 13. Bc2 Na6 14. Bg5 Be6 15. Bb3 Rf7 16. Rfd1 {1-0 Ruiz Gutierrez,J (1870)-Tirapo Larcuen,A (1942) Aragon-chT Preferente-B 2011 (1.4)}) 7... dxe5 8. Nxe5 {[%emt 0:01:20] White is slightly better.} O-O 9. Bf4 (9. Nc3 $11) 9... Qb6 $15 10. Bc4 (10. Be3 $15) 10... Nd5 ({Black should play} 10... Qxb2 $17 11. Nd2 Qxd4) 11. Bxd5 cxd5 12. Nc3 e6 13. b3 Nc6 14. Nxc6 Qxc6 15. Ne2 b6 16. Re1 Ba6 17. Rc1 Rfd8 18. Qd2 Rac8 19. a4 Rd7 20. c3 f6 21. Bh6 Bh8 22. Nf4 e5 23. dxe5 fxe5 24. Ne2 (24. Nd3 $5 Qd6 25. Nb4 $15) 24... Bb7 25. f3 (25. Nd4 {is more complex.} Qc5 26. Nb5 a6 27. Nd4) 25... Bf6 26. Be3 Ba6 27. Bf2 Be7 28. Ng3 Ba3 29. Ra1 Bd6 (29... Qxc3 $2 30. Qxc3 Rxc3 31. Rxa3 $18) 30. Rad1 Bb7 (30... Qxc3 $2 31. Qxd5+ Kh8 32. Ne4 $18) 31. Rc1 (31. c4 $11) 31... Qc7 32. Qg5 Qd8 33. Qg4 ({But not} 33. Rxe5 $2 Qxg5 34. Rxg5 Bf4 $19) 33... Rf7 {[%emt 0:02:10] Against Nf5} (33... Kf7 $15 {might be stronger.}) 34. Ne2 ({Much weaker is} 34. Qe6 Rcc7 35. Ne2 Rce7 $17) (34. c4 $1 $11 {keeps the balance.}) 34... Rcc7 35. Bh4 Qd7 36. Qxd7 Rfxd7 37. b4 {[%emt 0:04:24] [#]} (37. Bg3 $15) 37... d4 $1 $17 {[%emt 0:04:44][%mdl 576] Deflection} 38. cxd4 (38. Red1 d3) 38... Bxb4 39. Rxc7 Rxc7 40. Rb1 Be7 (40... Rc4 $17 41. Be1 Bxe1 42. Rxe1 exd4) 41. Bxe7 $11 Rxe7 42. dxe5 Rxe5 {[%emt 0:00:31][%mdl 4096] Endgame KRB-KRN} 43. Kf2 Ra5 44. Rb4 Bc6 45. Nc3 Kf8 46. Rc4 Bd7 47. Ke3 Ke8 48. Rh4 h5 49. Rd4 Bc6 50. g4 Ke7 51. h4 Rc5 52. Ne4 Rc1 53. Kf4 hxg4 54. fxg4 Re1 55. Nc3 Rc1 $2 (55... Kf6 $11) 56. Rc4 $1 $18 Rf1+ (56... Kd7 $16) 57. Kg5 Rf6 58. Na2 (58. Kh6 $16) 58... Rd6 $14 59. Nb4 Bd7 60. Re4+ Kf7 61. Nc2 Rd5+ 62. Kf4 Ra5 63. Rd4 Rxa4 64. Nb4 (64. h5 $11 {remains equal.}) 64... Be6 (64... Be8 $17 {Hoping for ...a5.} 65. Ke5 a5) 65. Nc6 $2 (65. h5 $1 $15) 65... Rxd4+ $19 66. Nxd4 {[%emt 0:00:02] KB-KN} Bd7 $2 (66... Kf6 $1 $19 67. g5+ Kf7) 67. h5 $11 gxh5 68. gxh5 a5 69. Ke3 Kf6 70. Kd3 Kg5 71. Kc3 Kxh5 72. Kc4 Kg6 {[%emt 0:00:25] And now ...Kf6 would win.} 73. Kd5 Kf6 (73... a4 $5 74. Kc4 $8 Kh6 $11) 74. Kd6 Be8 75. Nb3 a4 76. Na1 ({White must play} 76. Nc1 $15) 76... Kf5 $1 $19 77. Kd5 Kf4 ({Better is} 77... a3 $19 {Strongly threatening ...a2.} 78. Kc4 Bf7+ 79. Kc3 Ke5) 78. Kd4 {[%emt 0:00:02] [#]} (78. Nc2 $15) 78... Bf7 (78... a3 $1 $19 79. Kc3 Bf7) 79. Kc3 {[%emt 0:01:49] [#]} (79. Nc2 $15) 79... b5 ({Black should try} 79... a3 $1 $19 {Threatens to win with ...a2.} 80. Nc2 a2) 80. Kb4 Bc4 (80... Be8 $5) 81. Nc2 Ke4 82. Na3 Kd3 (82... Bd3 $5) 83. Nb1 {[%emt 0:00:37] The position is equal.} Kc2 84. Nc3 Kb2 {[%emt 0:00:16] ( -> ...a3)} 85. Nxa4+ bxa4 86. Kxa4 Bb5+ {[%emt 0:00:13] A wild game.   Weighted Error Value: White=0.16 (very precise) /Black=0.20 (precise)} 1/2-1/2

[Event "1st FIDE Olympiad DIS 2023"]
[Site "Belgrade"]
[Date "2023.02.01"]
[Round "3.14"]
[White "Sargissyan, Sargis"]
[Black "Otero Munelo, Harlen Jose"]
[Result "1-0"]
[ECO "B01"]
[WhiteElo "2221"]
[BlackElo "2099"]
[Annotator "TA"]
[PlyCount "59"]
[EventDate "2023.01.30"]
[EventType "team-tourn"]
[EventCountry "SRB"]
[SourceTitle "playchess.com"]
[Source "ChessBase"]
[SourceQuality "1"]
[WhiteTeam "Armenia"]
[BlackTeam "Venezuela"]
[WhiteTeamCountry "ARM"]
[BlackTeamCountry "VEN"]
[TimeControl "40/5400+30:1800+30"]

1. e4 d5 2. exd5 Nf6 3. Nf3 Nxd5 4. d4 g6 5. c4 Nb6 6. Nc3 Bg7 7. Be3 O-O 8. h3 Nc6 9. Be2 e5 10. d5 Ne7 {[%emt 0:01:18] [#]} 11. g4 $1 f5 {[%emt 0:22:50] B01: Scandinavian Defence.} 12. Qb3 {[%emt 0:02:32] White is more active.} Kh8 {[%emt 0:26:45] [#]} (12... e4 $16 {was necessary.} 13. Ng5 h6) 13. O-O-O $1 $18 {[%emt 0:03:27] [#]} Bd7 $146 {[%emt 0:25:43] White is clearly better.} (13... fxg4 $2 14. hxg4 Nd7 15. Ng5 $18) ({Predecessor:} 13... Ng8) 14. c5 Nbc8 $2 (14... Nexd5 15. cxb6 (15. Nxd5 Ba4 $16) 15... Nxe3 16. fxe3 axb6 17. gxf5 Qe7 18. fxg6 Be6) 15. Qxb7 Nd6 16. cxd6 cxd6 17. Bxa7 h6 18. Bb6 Qe8 (18... Qc8 $142 19. Qc7 e4) 19. Bc7 e4 20. Nd4 Be5 21. Kb1 Ng8 22. gxf5 gxf5 23. Qb6 Nf6 24. Bxd6 Bxd6 25. Qxd6 Rb8 26. Ne6 Rf7 27. Qe5 Qc8 28. Rhg1 Qb7 29. b3 {[%emt 0:00:13] Intending Rg6 and mate.} (29. Qxf5 $2 Qxb2#) 29... Qb4 30. Rg6 {[%emt 0:00:40] Black did not feel at home in the position after the opening.   Weighted Error Value: White=0.13 (very precise) /Black=0.77} 1-0

[Event "1st FIDE Olympiad DIS 2023"]
[Site "Belgrade"]
[Date "2023.02.01"]
[Round "3.14"]
[White "Nkhupi Robert"]
[Black "Sadam Ali Sheikh"]
[Result "1-0"]
[ECO "C41"]
[WhiteElo "1738"]
[BlackElo "1578"]
[Annotator "NA RC COMBH"]
[PlyCount "53"]
[EventDate "2023.01.30"]
[EventType "team-tourn"]
[EventCountry "SRB"]
[SourceTitle "playchess.com"]
[Source "ChessBase"]
[SourceQuality "1"]
[WhiteTeam "Zambia"]
[BlackTeam "Kenya"]
[WhiteTeamCountry "ZAM"]
[BlackTeamCountry "KEN"]
[TimeControl "40/5400+30:1800+30"]

1. e4 d6 2. d4 Nf6 3. Nc3 Nbd7 4. Be3 e5 5. Nf3 Be7 6. Bc4 c6 7. a4 Qc7 8. Qd2 Ng4 9. O-O Nxe3 10. Qxe3 Nf6 11. h3 h6 12. Rad1 g5 13. dxe5 dxe5 14. Ne2 Nh5 15. Qb3 Bf6 16. Rd2 O-O 17. Rfd1 Nf4 18. Nxf4 gxf4 19. Rd6 Be7 20. Rxh6 Kg7 21. Rh5 f6 22. Be6 Rd8 23. Rxd8 Qxd8 24. Kh2 Bc5 25. Nh4 Qe8 26. Nf5+ Kg6 27. Rh6+ 1-0

[Event "1st FIDE Olympiad DIS 2023"]
[Site "Belgrade"]
[Date "2023.02.01"]
[Round "3.15"]
[White "Abiad Parra, Victor"]
[Black "Campos, Eugenio"]
[Result "1/2-1/2"]
[ECO "B90"]
[WhiteElo "1855"]
[BlackElo "2227"]
[Annotator "TA"]
[PlyCount "113"]
[EventDate "2023.01.30"]
[EventType "team-tourn"]
[EventCountry "SRB"]
[SourceTitle "playchess.com"]
[Source "ChessBase"]
[SourceQuality "1"]
[WhiteTeam "Venezuela"]
[BlackTeam "Angola"]
[WhiteTeamCountry "VEN"]
[BlackTeamCountry "ANG"]
[TimeControl "40/5400+30:1800+30"]

1. e4 c5 2. Nf3 d6 3. d4 cxd4 4. Nxd4 Nf6 5. Nc3 a6 6. Be3 Ng4 7. Bc1 {[%emt 0:00:26] Nowadays more popular than 7.Bg5.} Nc6 {[%emt 0:00:37] B90: Sicilian Najdorf: Unusual White 6th moves, 6 Be3 Ng4 and 6 Be3 e5.} 8. Nb3 b5 9. Be2 Nf6 10. Be3 {[%emt 0:02:06] [#]} Bb7 $146 (10... b4 11. Nd5 Rb8 12. Nd4 $16) ({Predecessor:} 10... e6 11. g4 Bb7 12. a3 Ne5 13. f3 Nc4 14. Bxc4 bxc4 15. Nd4 e5 16. Nf5 g6 17. Ng3 d5 18. g5 d4 19. gxf6 Qxf6 {0-1 Lewicki,M (2319)-Lewtak,D (2323) POL-chT3 Podkarpackie 2016 (1.7)}) 11. a4 b4 12. Nd5 Nd7 {[%emt 0:01:54] Dodges Bb6} 13. a5 {[%emt 0:19:58] White is much more active. The black rooks are badly placed.} e6 14. Nb6 Nxb6 15. Bxb6 (15. axb6 $16 Be7 16. Qd2) 15... Qg5 (15... Qh4 $14) 16. O-O $16 Qe5 (16... Be7 $142) 17. f4 Qxe4 (17... Qf6 $142 18. f5 Be7) 18. Bf3 $18 Qc4 {[%emt 0:06:01] [#]} 19. f5 $1 Be7 20. fxe6 fxe6 21. Nd4 Nxd4 22. Bxb7 Rb8 23. b3 (23. Qxd4 Qxd4+ 24. Bxd4 Rxb7 $15) (23. Bxd4 Rxb7 24. Bxg7 Rg8 25. Qh5+ (25. Qf3 Rb8 $16) 25... Kd7 26. Qxh7 e5 $16) 23... Qb5 24. Qxd4 (24. Bxd4 Rxb7 25. Qg4 (25. Bxg7 Rg8 $11) (25. Qf3 Rf8 $11) 25... Qd5 $16) 24... Rxb7 25. Qxg7 Qe5 26. Qg4 (26. Qf7+ Kd7) 26... Rf8 27. Qxb4 $40 {[%emt 0:04:11][%mdl 128] White is out for blood.} Rxf1+ 28. Rxf1 d5 {[%emt 0:00:35] Against Qc4} (28... Bd8 29. Re1 {[%mdl 64] Skewer} Bxb6+ 30. axb6 Qc5+ 31. Qxc5 dxc5 32. Rxe6+ Kd7) 29. Qa4+ Rd7 30. Qc6 {[%emt 0:00:38] Qc8+ is the strong threat.} Qe2 31. c3 {[%emt 0:03:45] Qc8+ would be deadly.} h5 32. b4 Bd8 33. Bc5 Be7 {[%emt 0:00:19] Wards off Rf8+} 34. Qc8+ Rd8 35. Qc6+ Rd7 36. Bxe7 (36. Qa8+ $142 Rd8 37. Qc6+ Rd7) 36... Kxe7 {[%emt 0:00:17][%mdl 4096] Endgame KQR-KQR} 37. Qc5+ Rd6 38. Qc7+ Rd7 39. Qf4 Rd8 {[%emt 0:01:01] Prevents Qf8+} 40. Qg5+ Kd7 41. Qg3 Re8 42. Rf7+ Re7 43. Rxe7+ Kxe7 {[%emt 0:00:00] KQ-KQ} 44. Qc7+ Kf6 45. Qf4+ $2 ({White has to play} 45. h3 $1 $18) 45... Ke7 $14 46. Qc7+ $2 (46. Qf2 $1 $14 Qd1+ 47. Qf1) 46... Kf6 $18 {[%emt 0:00:00][%cal Re2e1] [#]} 47. Qf4+ $2 (47. h3 $1 $18) 47... Ke7 $11 48. Qh4+ Kd7 49. Qf2 Qe4 (49... Qe5 $1 $11) 50. Qa7+ ({White should play} 50. h3 $18) 50... Ke8 (50... Kd8 $16 51. Qb8+ (51. Qxa6 Qe1+ 52. Qf1 Qe3+ 53. Kh1 Qxc3 $14) 51... Kd7 52. Qa7+ Kd8 53. Qxa6 Qe1+ 54. Qf1 Qe3+ 55. Kh1 Qxc3) 51. Qb8+ $2 (51. Qxa6 $18 {aiming for Qc8+.} Qe1+ 52. Qf1 Qxc3 53. a6) 51... Ke7 (51... Kd7 $16 {was called for.} 52. Qb7+ Kd8 53. Qb8+ (53. Qxa6 Qe1+ 54. Qf1 Qe3+ 55. Kh1 Qxc3 $16) 53... Kd7 54. Qa7+ Kd8 55. Qxa6 Qe1+ 56. Qf1 Qe3+ 57. Kh1 Qxc3) 52. Qc7+ Kf6 {[%emt 0:00:00] [#]} (52... Ke8 {was necessary.} 53. Qb8+ Kd7 54. Qb7+ Kd8 55. Qb6+ (55. Qxa6 Qe1+ 56. Qf1 Qe3+ 57. Kh1 Qxc3 $16) 55... Ke7 56. Qc7+ (56. Qxa6 Qe3+ 57. Kf1 Qc1+ 58. Kf2 Qd2+ 59. Kg1 Qe3+ 60. Kf1 Qc1+ 61. Kf2 Qd2+ 62. Kg1 Qe3+ $14) 56... Ke8) 53. Qd8+ $2 (53. h3 $1 $18) 53... Kf7 $1 {[%emt 0:00:00][%cal Re4e1] The position is equal.} 54. Qd7+ Kf6 55. Qd8+ Kf7 $1 56. Qd7+ Kf6 57. Qd8+ {[%emt 0:00:00] Weighted Error Value: White=0.86/Black=0.39} 1/2-1/2

[Event "1st FIDE Olympiad DIS 2023"]
[Site "Belgrade"]
[Date "2023.02.01"]
[Round "3.15"]
[White "Wambalo Wong"]
[Black "Sauti Harry"]
[Result "0-1"]
[ECO "D00"]
[WhiteElo "1337"]
[BlackElo "1693"]
[Annotator "NA RC COMBH"]
[PlyCount "54"]
[EventDate "2023.01.30"]
[EventType "team-tourn"]
[EventCountry "SRB"]
[SourceTitle "playchess.com"]
[Source "ChessBase"]
[SourceQuality "1"]
[WhiteTeam "Kenya"]
[BlackTeam "Zambia"]
[WhiteTeamCountry "KEN"]
[BlackTeamCountry "ZAM"]
[TimeControl "40/5400+30:1800+30"]

1. d4 Nf6 2. Nf3 g6 3. Bf4 Bg7 4. Qd2 d5 5. Nc3 c6 6. e3 O-O 7. Be2 b5 8. h4 h5 9. Ne5 b4 10. Na4 a5 11. Nc5 Nbd7 12. Ncxd7 Bxd7 13. f3 Rc8 14. g4 c5 15. gxh5 Nxh5 16. Bg5 c4 17. f4 c3 18. bxc3 bxc3 19. Qd1 Ng3 20. Rg1 Nf5 21. Kf2 Be8 22. h5 f6 23. Bxf6 exf6 24. hxg6 fxe5 25. Bg4 Qh4+ 26. Ke2 Qh2+ 27. Kf3 e4# 0-1

[Event "1st FIDE Olympiad DIS 2023"]
[Site "Belgrade"]
[Date "2023.02.01"]
[Round "3.16"]
[White "Andriienko, Artom"]
[Black "Monterrey, Henry"]
[Result "1-0"]
[ECO "E68"]
[WhiteElo "1693"]
[BlackElo "1759"]
[Annotator "NA RC COMBH"]
[PlyCount "55"]
[EventDate "2023.01.30"]
[EventType "team-tourn"]
[EventCountry "SRB"]
[SourceTitle "playchess.com"]
[Source "ChessBase"]
[SourceQuality "1"]
[WhiteTeam "Ukraine"]
[BlackTeam "Venezuela"]
[WhiteTeamCountry "UKR"]
[BlackTeamCountry "VEN"]
[TimeControl "40/5400+30:1800+30"]

1. d4 Nf6 2. c4 g6 3. Nc3 Bg7 4. Nf3 O-O 5. g3 d6 6. Bg2 c6 7. O-O Nbd7 8. e4 e5 9. d5 cxd5 10. cxd5 a6 11. Ne1 Ne8 12. Nd3 f5 13. f4 exf4 14. Nxf4 Ne5 15. Ne6 Bxe6 16. dxe6 Qb6+ 17. Kh1 Ng4 18. Qe2 Bd4 19. e7 Rf7 20. exf5 Nf2+ 21. Rxf2 Bxf2 22. Bd5 Nc7 23. Bh6 Re8 24. fxg6 Nxd5 25. gxf7+ Kxf7 26. Qh5+ Ke6 27. Qxd5+ Kd7 28. Qf5+ 1-0

[Event "1st FIDE Olympiad DIS 2023"]
[Site "Belgrade"]
[Date "2023.02.01"]
[Round "3.17"]
[White "Orsag, Milan"]
[Black "Alam, Khorshed"]
[Result "0-1"]
[ECO "E11"]
[WhiteElo "2308"]
[BlackElo "2065"]
[Annotator "TA"]
[PlyCount "104"]
[EventDate "2023.01.30"]
[EventType "team-tourn"]
[EventCountry "SRB"]
[SourceTitle "playchess.com"]
[Source "ChessBase"]
[SourceQuality "1"]
[WhiteTeam "Czech Republic"]
[BlackTeam "Bangladesh"]
[WhiteTeamCountry "CZE"]
[BlackTeamCountry "BAN"]
[TimeControl "40/5400+30:1800+30"]

1. d4 Nf6 2. Nf3 e6 3. c4 Bb4+ 4. Nbd2 O-O 5. a3 Bxd2+ 6. Bxd2 ({Don't play} 6. Kxd2 d6 $15) 6... d5 {[%emt 0:00:07] Black is weak on the dark squares. E11: Bogo-Indian.} 7. Bg5 h6 8. Bh4 Nbd7 {[%emt 0:01:41] White has an edge.} 9. e3 c6 10. Qc2 {[%emt 0:03:21] [#]} b6 $146 ({Predecessor:} 10... g5 11. Bg3 Ne4 12. Nd2 Nxd2 13. Qxd2 Qe7 14. h4 g4 15. O-O-O h5 16. f3 f5 {1-0 Serafimov,T (2379)-Jensen,L (2091) Arco op 29th 2007 (6)}) 11. Bd3 Bb7 12. O-O dxc4 13. Bxc4 c5 14. Rfd1 Bxf3 15. gxf3 cxd4 16. Rxd4 Qc7 17. Bg3 Ne5 18. Qe2 Nh5 19. Bxe5 Qxe5 20. f4 Qf5 21. Qf3 (21. Bd3 $5 Qh3 $8 22. Rd1 $11) 21... Nf6 22. Rad1 Qc2 23. R1d2 Qg6+ 24. Qg3 {[%emt 0:00:36] And now Qxg6 would win.} Qb1+ 25. Kg2 Rac8 26. Qf3 Qg6+ 27. Kh1 Qb1+ 28. Qd1 Qf5 29. Bd3 Qh3 {[%emt 0:01:44] [#] Hoping for ...Ng4.} 30. Bf1 Qh4 {[%emt 0:00:36] Threatens to win with ...Ng4.} 31. Qf3 Rc1 32. Kg2 Ng4 (32... Nd5 $11) 33. h3 ({Of course not} 33. Qh3 Qxh3+ 34. Kxh3 Nxe3 35. fxe3 Rxf1 $11) (33. Qg3 $1 $14 Qxg3+ 34. hxg3) 33... Nf6 (33... Nh2 $5 34. Kxh2 Rxf1 $11) 34. Bc4 g6 35. b3 Kg7 36. a4 h5 ({Better is} 36... Re8 $11) 37. Rd1 (37. e4 $14 {might be stronger.}) 37... Rc2 (37... Rxd1 $11 38. Rxd1 Re8) 38. R4d2 ({White should try} 38. e4 $16) 38... Rc3 {[%emt 0:00:39] Inhibits .} 39. Rd8 (39. Kg1 {simplifies} Re8 40. Kf1 g5 41. fxg5 Qxg5 42. Rd4) 39... Rxd8 40. Rxd8 Rc2 {[%emt 0:00:14][%cal Of6e4] ...Ne4! would be deadly.} 41. Rd4 {[%emt 0:32:11] Dodges Ne4} Rc1 42. Bxe6 $2 fxe6 $19 43. Qb7+ {[%emt 0:00:13] [#]} Kf8 $1 ({And not} 43... Kh6 44. Qe7 Rc2 45. Qf8+ Kh7 46. Qf7+ Kh6 47. Qf8+ Kh7 48. Qf7+ Kh6 49. Qf8+ $11) 44. Rd2 {[%emt 0:00:00] Inhibits Rc2.} (44. Rd8+ {was called for.} Ne8 45. Rb8) 44... Nd5 {[%emt 0:00:00] aiming for ...Qd8.} 45. Qxa7 Qe7 46. Qb8+ Kg7 47. e4 Nf6 48. Qxb6 Nxe4 49. Re2 (49. Rd4 $17 Nc5 50. Qb8) 49... Nc5 {[%emt 0:00:00] Strongly threatening ...Qd7.} 50. a5 $2 (50. b4 Nxa4 51. Qd4+ Kf7 52. Ra2 Qb7+ 53. f3) 50... Qd7 {[%emt 0:00:00] ( -> ...Qd1)} 51. b4 Qd1 52. Qa7+ Kh6 {[%emt 0:00:00] Weighted Error Value: White=0.42/Black=0.14 (very precise)} 0-1